Map: Deathaura LE

Players

Clem - Winner!

  • Race: Terran Terran
  • Spawn Location: 5:00

Serral

  • Race: Zerg Zerg
  • Spawn Location: 11:00

Event: IEM Katowice 2021

VOD

Have the link to the VOD?

Description

Time

  • Played on: Feb. 26, 2021, 1:32 p.m.
  • Length: 15:18

All games in this series

Show
View Real Time Build Order
Export as new Build Order

Clem Terran - Winner!

Build Orders: Reaper Expand 

Get SALT Encoding   

  12  0:00  SCV  
  13  0:13  SCV  
  14  0:16  Supply Depot  
  14  0:25  SCV  
  15  0:38  SCV  
  15  0:39  Barracks  
  16  0:43  Refinery  
  16  0:50  SCV  
  17  1:02  SCV  
  18  1:14  SCV  
  19  1:26  Reaper, Orbital Command  
  20  1:39  Command Center  
  20  1:46  Supply Depot  
  20  1:52  SCV  
  21  1:58  Marine  
  22  2:04  SCV  
  23  2:10  Factory  
  23  2:16  SCV  
  23  2:19  Barracks Reactor  
  24  2:28  SCV  
  25  2:38  Command Center  
  25  2:41  SCV  
  26  2:52  Orbital Command  
  26  2:54  SCV  
  27  2:59  Starport  
  27  3:05  Refinery  
  27  3:06  SCV  
  27  3:10  Hellion  
  30  3:16  Hellion  
  30  3:18  SCV  
  33  3:20  SCV  
  33  3:22  Barracks Tech Lab  
  34  3:30  SCV  
  34  3:32  Hellion, SCV  
  38  3:38  Hellion  
  40  3:42  SCV  
  40  3:44  SCV  
  42  3:49  Marine  
  42  3:50  Orbital Command  
  42  3:54  SCV  
  42  3:55  Raven  
  46  3:56  SCV  
  46  4:00  Hellion  
  46  4:01  Supply Depot  
  46  4:02  Hellion  
  51  4:06  SCV  
  51  4:08  SCV  
  53  4:10  Barracks Tech Lab  
  54  4:17  SCV  
  54  4:19  SCV  
  54  4:21  SCV  
  54  4:23  Hellion, Orbital Command  
  54  4:24  Hellion  
  60  4:26  Supply Depot  
  60  4:31  SCV, Marine, Supply Depot, Stimpack  
  61  4:36  SCV, Refinery  
  63  4:43  SCV  
  64  4:46  Barracks, Refinery  
  64  4:47  Hellion  
  64  4:48  Barracks  
  64  4:50  Hellion, Starport Reactor  
  68  4:53  Supply Depot  
  68  4:54  SCV  
  68  4:56  SCV  
  68  4:57  SCV  
  68  4:59  Marine  
  72  5:05  Engineering Bay  
  72  5:06  SCV  
  73  5:07  Engineering Bay  
  73  5:08  SCV  
  74  5:15  SCV, Hellion x2  
  74  5:17  Marine  
  74  5:18  SCV  
  80  5:21  SCV  
  80  5:27  SCV  
  80  5:32  Barracks  
  80  5:34  Barracks  
  80  5:35  Marine  
  79  5:39  SCV x2  
  79  5:42  SCV  
  82  5:43  Marine x2  
  82  5:44  Starport Reactor, Marine x2  
  82  5:47  Terran Infantry Weapons Level 1  
  84  5:50  Terran Infantry Armor Level 1  
  84  5:51  SCV  
  84  5:53  SCV, Marine, Factory Reactor  
  84  5:54  SCV  
  79  6:01  Marine x2  
  79  6:03  SCV  
  76  6:04  Marine  
  76  6:05  SCV  
  76  6:06  Supply Depot  
  76  6:08  SCV, Marine  
  76  6:10  Marine, Combat Shield  
  81  6:15  SCV  
  81  6:17  SCV, Supply Depot  
  83  6:19  Marine  
  83  6:20  Barracks Reactor x2  
  83  6:21  Medivac x2  
  83  6:22  Marine  
  83  6:23  SCV  
  90  6:27  SCV  
  90  6:28  Marine x2, Armory  
  90  6:31  SCV, Supply Depot  
  94  6:35  Widow Mine x2, Marine  
  94  6:37  Marine  
  94  6:39  SCV  
  101  6:40  Marine  
  101  6:44  Factory  
  101  6:45  Marine  
  101  6:46  Refinery  
  103  6:48  Command Center  
  103  6:53  Marine x2  
  105  6:55  Supply Depot  
  105  6:56  Marine x2, Supply Depot  
  105  6:59  Medivac  
  105  7:00  Medivac  
  111  7:03  Widow Mine, Supply Depot  
  111  7:05  Widow Mine, Marine x2  
  117  7:16  SCV x3, Marine x5  
  117  7:17  Marine  
  117  7:20  Supply Depot  
  126  7:24  Widow Mine  
  126  7:25  Marine  
  126  7:28  SCV, Drilling Claws  
  126  7:29  Medivac, Widow Mine  
  134  7:30  Widow Mine, Marine x2  
  134  7:36  SCV x2  
  137  7:39  Missile Turret  
  137  7:40  SCV, Marine  
  137  7:41  Marine  
  134  7:44  Marine, Missile Turret  
  134  7:48  SCV x2, Marine  
  134  7:50  Widow Mine  
  138  7:51  Medivac  
  138  7:52  SCV  
  138  7:54  Widow Mine  
  138  7:57  Marine x4  
  145  8:00  SCV, Missile Turret  
  145  8:01  SCV  
  145  8:04  Marine  
  148  8:09  Terran Infantry Armor Level 2, Terran Infantry Weapons Level 2  
  148  8:10  Marine  
  148  8:12  Marine x3  
  152  8:14  Widow Mine  
  152  8:19  SCV, Supply Depot  
  155  8:22  Marine  
  155  8:24  Marine x4  
  161  8:27  SCV  
  161  8:28  Marine  
  161  8:29  Supply Depot  
  161  8:31  Widow Mine  
  164  8:36  Planetary Fortress  
  164  8:40  SCV x2, Marine x3  
  164  8:41  Marauder  
  171  8:42  Marine  
  171  8:47  Missile Turret  
  172  8:51  Marine x4  
  172  8:53  Widow Mine  
  178  8:58  Marine x2  
  178  9:01  Thor, Marine  
  177  9:02  Marine  
  177  9:03  SCV  
  177  9:05  Marine  
  177  9:06  Widow Mine  
  177  9:08  Marine  
  180  9:10  Supply Depot x2  
  180  9:15  Medivac  
  176  9:17  SCV  
  176  9:19  Widow Mine  
  176  9:23  Marauder  
  177  9:28  SCV  
  177  9:30  SCV  
  177  9:31  Marine x3  
  153  9:32  Widow Mine  
  153  9:34  Supply Depot  
  153  9:35  Missile Turret  
  153  9:36  Marine x2  
  153  9:37  SCV  
  161  9:39  Marine  
  161  9:41  Marine  
  161  9:43  Thor  
  161  9:44  SCV  
  161  9:45  Marauder  
  172  9:47  Widow Mine  
  172  9:52  Medivac, Marine x2  
  170  9:53  Marine  
  170  9:54  Widow Mine  
  170  9:56  Marine  
  170  9:57  Marine  
  170  10:10  Marauder, Marine  
  170  10:11  Widow Mine  
  170  10:12  Medivac  
  166  10:17  Marine  
  166  10:18  Marine x6  
  162  10:22  Medivac  
  162  10:23  SCV x2  
  162  10:24  SCV, Barracks  
  162  10:26  Barracks  
  162  10:27  Barracks  
  162  10:28  Marine  
  167  10:31  Terran Infantry Weapons Level 3, Marauder  
  170  10:35  Marine x2  
  170  10:36  Marine x4  
  170  10:40  Thor  
  182  10:44  Widow Mine x2  
  182  10:46  Marine x2  
  186  10:53  Marauder, Marine x2  
  186  10:54  Marine, Terran Infantry Armor Level 3  
  186  10:55  Marine x3  
  180  11:05  Command Center  
  180  11:06  Missile Turret  
  180  11:08  Missile Turret  
  180  11:10  Widow Mine  
  182  11:13  Widow Mine, Marine x2  
  182  11:14  Barracks Tech Lab x3  
  182  11:16  Marauder  
  188  11:23  Widow Mine  
  188  11:24  Marine x3  
  191  11:26  Marine  
  191  11:30  Medivac  
  191  11:31  Medivac  
  191  11:32  Widow Mine  
  198  11:38  Command Center  
  188  11:43  Marauder  
  182  11:48  Widow Mine, Command Center, Marauder  
  182  11:51  Marine  
  182  11:52  Marine  
  178  11:56  Widow Mine  
  178  11:57  Orbital Command  
  180  12:06  Marine x5  
  180  12:07  Marine x2  
  166  12:11  Marine x2  
  166  12:12  Marine  
  166  12:15  Missile Turret x2  
  162  12:25  Marine x2  
  162  12:26  Marine  
  162  12:27  Marine x4  
  162  12:28  Widow Mine  
  152  12:31  Medivac  
  152  12:32  Widow Mine  
  152  12:33  Marine  
  152  12:35  Marine  
  152  12:36  Marine x2  
  154  12:37  Marine  
  154  12:43  Widow Mine  
  157  12:49  Marine x2  
  142  12:53  Widow Mine  
  142  12:56  Marauder  
  135  12:59  Marauder  
  135  13:02  Medivac, Widow Mine  
  135  13:03  Marine x4  
  135  13:05  Marine x2  
  143  13:06  Marauder  
  143  13:10  Marine x2, Orbital Command  
  143  13:12  Widow Mine  
  151  13:16  Widow Mine  
  151  13:17  Marine  
  151  13:18  Marine  
  155  13:23  Widow Mine  
  155  13:24  Marine x3  
  160  13:28  Missile Turret  
  160  13:34  Widow Mine  
  162  13:36  Marine  
  162  13:37  Widow Mine, Marine x2  
  162  13:41  Marine x3  
  168  13:42  Marine x2  
  168  13:46  Widow Mine, Marine, Missile Turret, Marauder  
  168  13:47  Marine  
  168  13:48  Marine  
  175  13:54  Marine x2, Planetary Fortress  
  177  14:00  Marauder, Marine  
  178  14:04  Marine x2  
  178  14:06  Marauder  
  178  14:07  Barracks Tech Lab  
  178  14:08  Marauder  
  178  14:09  Marine x3  
  187  14:16  Missile Turret  
  187  14:17  Marine x2  
  187  14:20  Medivac x2  
  187  14:21  Marauder, Marine  
  187  14:22  Marine  
  187  14:23  Marine  
  196  14:26  Marine  
  196  14:27  Marauder  
  197  14:34  Marauder, Command Center, Missile Turret  
  199  14:41  Widow Mine  
  199  14:45  Marine  
  200  14:48  Marine  
  200  14:52  Marauder, Missile Turret  
  200  14:54  Command Center  
  200  14:56  Marine x2  
  200  14:57  Command Center  
Show
View Real Time Build Order
Export as new Build Order

Serral Zerg 

Build Orders: Hatch First, Muta Ling Bane 

Get SALT Encoding   

  12  0:00  Drone  
  13  0:12  Overlord  
  13  0:17  Drone  
  14  0:30  Drone  
  14  0:31  Drone  
  16  0:48  Hatchery  
  15  0:51  Drone  
  15  0:54  Drone  
  17  0:57  Drone  
  18  1:08  Extractor  
  17  1:13  Spawning Pool  
  17  1:15  Drone  
  17  1:19  Drone  
  18  1:27  Drone  
  19  1:38  Drone  
  20  1:49  Drone  
  21  2:00  Queen x2  
  21  2:01  Zergling x2  
  26  2:02  Zergling x2  
  27  2:11  Overlord, Drone  
  28  2:22  Hatchery  
  27  2:25  Drone  
  28  2:31  Drone x2  
  28  2:34  Drone  
  31  2:40  Queen  
  33  2:45  Metabolic Boost  
  33  2:49  Overlord  
  33  2:53  Drone  
  33  2:54  Drone  
  33  2:57  Drone  
  36  3:04  Overlord  
  36  3:09  Drone x4  
  40  3:16  Drone  
  40  3:17  Queen  
  40  3:19  Drone  
  44  3:25  Queen  
  46  3:31  Overlord  
  46  3:33  Queen  
  48  3:39  Drone x2  
  50  3:41  Zergling x2  
  50  3:42  Zergling x4  
  50  3:46  Overlord  
  50  3:48  Drone  
  54  3:49  Drone  
  54  3:50  Drone  
  54  3:55  Queen  
  58  4:00  Drone  
  58  4:02  Baneling Nest, Drone  
  60  4:04  Drone  
  60  4:06  Overlord  
  60  4:09  Drone  
  61  4:10  Drone  
  61  4:13  Overlord  
  63  4:17  Drone x2  
  63  4:21  Lair  
  64  4:24  Zergling x2, Extractor  
  64  4:29  Drone x2  
  64  4:30  Drone x2  
  68  4:33  Zergling x4  
  68  4:34  Drone x2  
  72  4:41  Zergling x2  
  72  4:42  Drone  
  72  4:44  Spore Crawler  
  73  4:46  Spore Crawler  
  73  4:48  Drone x5  
  73  4:52  Drone x3  
  80  4:53  Extractor  
  80  4:57  Queen  
  81  5:03  Overlord  
  81  5:04  Overlord  
  81  5:08  Extractor  
  81  5:09  Extractor  
  81  5:10  Extractor  
  81  5:12  Drone x3  
  81  5:16  Overlord  
  81  5:20  Spire  
  80  5:22  Zergling x14  
  80  5:27  Zergling x6  
  87  5:30  Evolution Chamber  
  79  5:38  Drone x6  
  83  5:45  Drone  
  83  5:48  Drone  
  85  5:52  Drone x4  
  85  5:56  Drone  
  86  6:00  Drone  
  86  6:08  Drone x2  
  86  6:10  Drone  
  89  6:12  Centrifical Hooks  
  89  6:18  Hatchery  
  88  6:19  Zergling x4  
  88  6:23  Zergling x2, Drone  
  88  6:24  Zergling x6  
  95  6:28  Overlord  
  95  6:34  Hatchery  
  95  6:36  Evolution Chamber  
  95  6:37  Evolution Chamber  
  91  6:41  Mutalisk x5  
  91  6:44  Mutalisk  
  91  6:45  Mutalisk  
  105  6:52  Overlord  
  105  6:54  Baneling x8  
  105  6:56  Drone x4  
  105  6:58  Zergling x4  
  105  7:00  Overlord  
  111  7:03  Zerg Flyer Weapons Level 1  
  111  7:09  Zergling x4  
  111  7:12  Zerg Ground Armor Level 1  
  113  7:17  Zerg Melee Weapons Level 1  
  113  7:19  Zergling x2  
  113  7:20  Zergling x8  
  111  7:32  Baneling  
  111  7:34  Drone x11, Queen  
  124  7:38  Overlord  
  124  7:41  Overlord, Pneumatized Carapace  
  124  7:46  Zergling x2  
  124  7:47  Zergling x4  
  124  7:48  Overlord x2  
  124  7:49  Baneling  
  124  7:50  Baneling x7  
  128  7:52  Overlord  
  128  7:53  Overlord  
  128  7:55  Overlord  
  124  8:03  Mutalisk x3  
  124  8:05  Mutalisk  
  130  8:08  Zergling x16  
  140  8:13  Mutalisk  
  140  8:14  Extractor  
  140  8:16  Zergling x2  
  140  8:17  Baneling  
  140  8:19  Overseer  
  141  8:25  Extractor  
  140  8:29  Zergling x20  
  140  8:31  Hatchery  
  149  8:36  Mutalisk x3, Overlord  
  149  8:40  Zergling x4  
  157  8:42  Baneling x4  
  157  8:46  Overlord x2  
  157  8:53  Drone x5  
  163  8:56  Zergling x10, Overseer  
  163  8:57  Baneling  
  163  8:58  Baneling x4  
  164  9:03  Zergling x8  
  164  9:06  Hatchery  
  164  9:07  Baneling x9  
  165  9:16  Zergling x16  
  168  9:20  Baneling x12  
  154  9:28  Mutalisk x2  
  154  9:30  Zergling x10  
  147  9:34  Mutalisk x2  
  147  9:36  Zergling x2  
  147  9:38  Overseer  
  152  9:42  Zergling x12  
  155  9:52  Mutalisk x3  
  157  9:56  Baneling x3  
  157  9:57  Zergling x4  
  160  10:00  Baneling x4  
  160  10:05  Zergling x12  
  160  10:06  Hatchery, Baneling x3  
  163  10:11  Baneling x4  
  163  10:12  Zergling x14  
  163  10:13  Zergling x2  
  158  10:22  Baneling  
  158  10:23  Baneling x10  
  158  10:27  Zergling x12  
  164  10:30  Zerg Melee Weapons Level 2  
  164  10:31  Zergling x2  
  164  10:32  Zergling x8  
  169  10:42  Zerg Ground Armor Level 2  
  169  10:47  Zergling x28  
  182  10:55  Infestation Pit  
  170  11:01  Zergling x12  
  168  11:06  Baneling x11  
  168  11:09  Zergling x6  
  171  11:14  Baneling  
  171  11:15  Baneling x8  
  171  11:16  Hatchery  
  170  11:18  Zergling x4  
  170  11:19  Zergling x16  
  167  11:26  Baneling  
  167  11:27  Overseer, Baneling x5  
  163  11:39  Zergling x18  
  155  11:41  Baneling x11  
  145  11:51  Zergling x22  
  149  11:56  Baneling x3  
  146  12:04  Mutalisk x6  
  146  12:11  Zergling x12  
  146  12:14  Baneling x7  
  151  12:18  Zergling x10  
  151  12:20  Hatchery  
  154  12:25  Zergling x14  
  154  12:29  Baneling x7  
  152  12:36  Zergling x10  
  149  12:38  Baneling  
  149  12:39  Baneling x4  
  149  12:42  Zergling x12  
  133  12:54  Mutalisk x5  
  134  13:01  Zergling x4  
  134  13:02  Zergling x14  
  134  13:05  Baneling x7  
  142  13:08  Mutalisk  
  142  13:10  Overseer  
  142  13:11  Baneling x3  
  144  13:13  Zergling x4  
  144  13:20  Zergling x6  
  146  13:30  Zergling x8  
  146  13:31  Baneling x6  
  149  13:35  Mutalisk x3  
  149  13:36  Mutalisk  
  157  13:42  Zergling x10  
  157  13:47  Drone  
  157  13:55  Overseer  
  157  13:56  Zergling x2  
  157  13:57  Zergling x22  
  168  14:04  Baneling x7  
  168  14:10  Hatchery  
  168  14:16  Mutalisk x3  
  171  14:22  Mutalisk x3  
  173  14:29  Mutalisk  
  176  14:31  Zergling x14  
  176  14:34  Overlord  
  182  14:40  Overlord  
  177  14:46  Overseer  
  177  14:48  Overlord x2  

Tags
 
Add a new tag
Caveats
  • Supply blocks, unpowered buildings, or Contaminate may cause inaccurate times.
  • Supply counts are checked every 10 seconds.